 Dungeon Crawl Stone Soup version 0.29.1-1-gd02db6906a (webtiles) character file.

Game seed: 9552171193509528404

259 smilodon the Shield-Bearer (level 5, -5/50 HPs)
             Began as a Troll Fighter on Sept 18, 2022.
             Slain by an orc
             ... wielding a +0 vorpal war axe
              (8 damage)
             ... on level 4 of the Dungeon.
             The game lasted 00:03:03 (2305 turns).

smilodon the Shield-Bearer (Troll Fighter)          Turns: 2305, Time: 00:03:04

Health: -5/50      AC:  5    Str: 24    XL:     5   Next: 94%
Magic:  4/4        EV:  9    Int:  4    God:
Gold:   144        SH:  8    Dex: 11    Spells: 4/4 levels left

rFire   . . .      SeeInvis .     - Unarmed
rCold   . . .      Faith    .   b - +0 kite shield
rNeg    . . .      Spirit   .   a - +0 robe
rPois   +          Reflect  .   (helmet restricted)
rElec   .          Harm     .   c - +0 cloak {rPois}
rCorr   .          Rampage  .   (gloves unavailable)
Will    .....                   (boots unavailable)
Stlth   +.........              (no amulet)
HPRegen 0.96/turn               (no ring)
MPRegen 0.09/turn               (no ring)

@: about to teleport
A: large, unfitting armour, claws 3, regeneration 1, shaggy fur 1, tough skin 1
a: no special abilities


You were on level 4 of the Dungeon.
You visited 1 branch of the dungeon, and saw 4 of its levels.

You collected 144 gold pieces.

Inventory:

Missiles
 j - 6 boomerangs (quivered)
Armour
 a - a +0 robe (worn)
 b - a +0 kite shield (worn)
 c - a +0 cloak of poison resistance (worn)
Wands
 f - a wand of acid (13)
Scrolls
 i - a scroll of enchant weapon
 l - a scroll of teleportation
Potions
 d - a potion of flight {unknown}
 e - a potion of mutation {unknown}
 g - a potion of curing {unknown}
 m - a potion of brilliance
 n - 2 potions of lignification


   Skills:
 - Level 2.5 Fighting
 * Level 3.7 Dodging
 * Level 4.1 Shields
 * Level 3.9 Unarmed Combat


You had 4 spell levels left.
You didn't know any spells.
Your spell library contained the following spells:

 Spells                   Type           Power      Damage    Failure   Level
 Magic Dart               Conj           0%         1d3       78%         1
 Searing Ray              Conj           0%         2d4       89%         2
 Fulminant Prism          Conj/Hex       0%         3d6       100%        4


Dungeon Overview and Level Annotations

Branches:
Dungeon (4/15)
 Temple: D:4-7

Altars:
Xom

Annotations:
D:3 3 runed translucent doors, oldmanjim's ghost, amateur HOFi


Innate Abilities, Weirdness & Mutations

You are too large for most types of armour.
You have claws for hands.
Your natural rate of healing is unusually fast.
You are covered in fur. (AC +1)
You have tough skin. (AC +1)


Message History

The orc is heavily wounded.
The orc hits you with a +0 falchion. Something hits you.
The goblin hits you but does no damage. The orc hits you but does no damage.
The orc closely misses you. Something hits you but does no damage.
The orc attacks as you move away! The orc hits you with a +0 falchion.
The goblin closely misses you. The orc barely misses you.
You see here a ball python corpse.
You're too confused to move!
The orc hits you but does no damage. The goblin barely misses you.
The orc hits you from afar with a +0 trident.
You claw the orc!
You kill the orc!
The goblin hits you but does no damage. The orc barely misses you.
You miss the goblin.
You feel less confused.
The orc hits you with a +0 vorpal war axe!
* * * LOW HITPOINT WARNING * * *
x2 The goblin closely misses you.
You block something's attack. You block the orc's attack.
You closely miss the orc. The orc barely misses you.
The goblin hits you but does no damage. Something hits you.
* * * LOW HITPOINT WARNING * * *
You block the orc's attack.
As you read the scroll of teleportation, it crumbles to dust.
You feel strangely unstable.
The orc hits you with a +0 vorpal war axe.
* * * LOW HITPOINT WARNING * * *
x2 You hear some strange, mumbled words.
A magic dart appears from out of thin air!
The magic dart hits you.
* * * LOW HITPOINT WARNING * * *
The goblin hits you but does no damage.
The orc hits you from afar with a +0 trident.
* * * LOW HITPOINT WARNING * * *
Okay, then.
Something hits you but does no damage. The orc attacks as you move away!
The orc hits you with a +0 vorpal war axe!
You die...

##.......#...## ..#....
#.:...#..!.... ###.#....
...........# ........
#..........#### ##....##
...............####...###
#$..$.......# ...........
#.....o)....#######.#.###
#......g.....# #....##
#......o@..#.## ###..#
...........#..## #..#
#..............### #..#
####.#######.#...# #..#
... #...#.# #..## ##..
###.#.# #.... #. #.#.##
##... #....# ##..
##.#.### #..


You could see 2 orcs and a goblin.

Vanquished Creatures
  A scorpion (D:4)
  Crazy Yiuf (D:3)
  6 gnolls
  2 adders
  2 worms
  A dart slug (D:2)
  7 orcs
  7 ball pythons
  4 endoplasms
  8 giant cockroaches
  7 goblins
  11 hobgoblins
  3 jackals
  6 kobolds
  5 quokkas
  4 frilled lizards
  4 rats
79 creatures vanquished.

Vanquished Creatures (others)
  2 fungi (D:3)
  2 plants (D:3)
4 creatures vanquished.

Grand Total: 83 creatures vanquished

Notes
Turn   | Place    | Note
-------+----------+-------------------------------------------
     0 | D:1      | smilodon the Troll Fighter began the quest for the Orb.
     0 | D:1      | Reached XP level 1. HP: 22/22 MP: 0/0
    49 | D:1      | Reached XP level 2. HP: 28/29 MP: 1/1
   324 | D:1      | Found a faded altar of an unknown god.
   332 | D:1      | Reached skill level 3 in Shields
   417 | D:1      | Reached XP level 3. HP: 32/36 MP: 2/2
   460 | D:2      | Found a shimmering altar of Xom.
   722 | D:2      | Reached XP level 4. HP: 44/44 MP: 3/3
  1075 | D:3      | Found a runed translucent gate.
  1076 | D:3      | Found a runed translucent gate.
  1076 | D:3      | Found a runed translucent gate.
  1076 | D:3      | Noticed oldmanjim's ghost (amateur HOFi)
  1078 | D:3      | Noticed a kobold brigand
  1106 | D:3      | Found a runed translucent door.
  1107 | D:3      | Noticed Crazy Yiuf
  1539 | D:3      | Reached XP level 5. HP: 48/50 MP: 4/4
  2012 | D:3      | Killed Crazy Yiuf
  2173 | D:4      | Reached skill level 4 in Shields
  2303 | D:4      | HP: 2/50 [orc/+0 trident (2)]
  2305 | D:4      | Slain by an orc

Illustrated notes

Levels and vault maps discovered:
D:1:      doesnt_arrival_eight_statues, layout_basic,
          hellmonk_ecumenical_altar_dog_temple, minmay_misc_feat_tower,
          feat_on_display
D:2:      layout_basic, basic_altar
D:3:      minmay_evil_eye, layout_loops_corners, gammafunk_ghost_nasty_kobolds,
          minmay_distorted, uniq_crazy_yiuf_cottage
D:4:      layout_rooms, mainiacjoe_overflow_alcove_2, uniq_robin

Skill      XL: |  1  2  3  4  5 |
---------------+----------------+-----
Shields        | 3 4 |  4.1
Dodging        | 3 |  3.7
Unarmed Combat | 3 |  3.9
Fighting       | |  2.5

Action                   |  1- 3 |  4- 6 || total
-------------------------+-------+-------++-------
Melee: Unarmed           |    92 |   136 ||   228
  Use: Scroll            |       |     9 ||     9
       Potion            |       |     2 ||     2
 Stab: Sleeping          |     2 |       ||     2
       Distracted        |       |     1 ||     1
Armor: Robe              |    21 |    48 ||    69
Dodge: Dodged            |    29 |    65 ||    94
Block: Kite shield       |    18 |    50 ||    68
